 Dungeon Crawl Stone Soup version bcrawl-1.28.1b (webtiles) character file.

Game seed: 7217911424471910505

229943 Morbidden the Slasher (level 5, -8/33 HPs)
             Began as a Skeleton Reaver on Dec 14, 2020.
             Was a Believer of Vehumet.
             Blown up by Sigmund (9 damage)
             ... with a wand of disintegration (12)
             ... on level 2 of the Dungeon.
             The game lasted 00:05:05 (1485 turns).

Morbidden the Slasher (Skeleton Reaver)             Turns: 1485, Time: 00:05:05

Health: -8/33      AC:  8    Str: 17    XL:     5   Next: 51%
Magic:  0/10       EV: 13    Int: 14    God:    Vehumet [**....]
Gold:   191        SH:  0    Dex:  7    Spells: 7/10 levels left

rFire    . . .     SeeInvis .   b - +1 dagger (venom)
rCold    + . .     Gourm    .   (no shield)
rNeg     + + +     Faith    .   e - +0 steam dragon scales
rPois    ∞         Spirit   +   (no helmet)
rElec    .         Reflect  .   (no cloak)
rCorr    .         Harm     .   (no gloves)
MR       .....                  d - +2 pair of boots
Stlth    +.........             (no amulet)
HPRegen  0.11/turn              (no ring)
MPRegen  0.12/turn              (no ring)

@: no status effects
A: no food or potions, cold resistance 1, deterioration 1, negative energy
resistance 3, torment resistance, unbreathing, magic shield, sturdy frame 1,
spell healing
a: Renounce Religion


You were on level 2 of the Dungeon.
You worshipped Vehumet.
Vehumet was pleased with you.
You were not hungry.

You visited 1 branch of the dungeon, and saw 3 of its levels.

You collected 191 gold pieces.

Inventory:

Hand Weapons
 a - a +0 long sword
 b - a +1 dagger of venom (weapon)
Armour
 d - a +2 pair of boots (worn)
 e - +0 steam dragon scales (worn)
 j - a +0 helmet
Scrolls
 c - a scroll of immolation
 f - a scroll of remove curse
 g - a scroll of identify
 h - a scroll of fog {unknown}
 i - a scroll of blinking {unknown}
 k - a scroll of teleportation {unknown}


   Skills:
 * Level 3.9 Fighting
 + Level 0.8(3.3) Short Blades
 * Level 5.2(5.3) Long Blades
 * Level 3.9 Dodging
 + Level 0.1 Stealth
 * Level 3.4 Spellcasting
 * Level 1.3 Conjurations
 + Level 0.8 Poison Magic


You had 7 spell levels left.
You knew the following spells:

 Your Spells              Type           Power        Failure   Level  Hunger
a - Sting                 Conj/Pois      #...         3%          1    N/A
b - Searing Ray           Conj           #.......     4%          2    N/A

Your spell library contained the following spells:

 Spells                   Type           Power        Failure   Level  Hunger
 Iskenderun's Battlesphe  Conj/Chrm      #.......     69%         5    N/A

Dungeon Overview and Level Annotations

Branches:
Dungeon (3/12)

Altars:
Ashenzari
Fedhas

Annotations:
D:2 Sigmund


Innate Abilities, Weirdness & Mutations

You do not eat or drink.
You are immune to poison.
Your flesh is cold resistant. (rC+)
Your body sometimes deteriorates upon taking damage.
You are immune to negative energy. (rN+++)
You are immune to unholy pain and torment.
You can survive without breathing.
When hurt, damage is shared between your health and your magic reserves.
Your movements are slightly less encumbered by armour. (ER -2)
Casting spells heals you.


Message History

Sigmund gestures at you while chanting. The puff of flame hits you.
You barely miss Sigmund.
Sigmund is lightly wounded.
You closely miss Sigmund.
Sigmund is lightly wounded.
Sigmund zaps a wand.
You are blasted!
* * * LOW HITPOINT WARNING * * *
You hit Sigmund but do no damage.
Sigmund looks more poisoned.
Sigmund is lightly wounded.
Sigmund gestures at you while chanting. The puff of flame hits you!
* * * LOW HITPOINT WARNING * * *
No path to travel!
No path to travel!
Unknown command.
Unknown command.
Unknown command.
Sigmund zaps a wand.
You are blasted!
You die...

##...##...#######...
##.............#....
#................#†#
#...............#.<#
#...............#.##
##................#
##.........!..#..####
###.†..##..........)
#@##.##....#..#.##
#.##.#####....#...
#@##.............!
###.######...####...
#..!.....#...#⌠.##+#
#............#......
#..........####.....
#.........#.........
#.......[.+...+..._.


You could see Sigmund.

Vanquished Creatures
  A jelly (D:1)
  Terence (D:2)
  Robin (D:2)
  3 adders
  6 oozes (D:1)
  5 worms
  A dart slug (D:1)
  A leopard gecko (D:1)
  An orc (D:3)
  7 giant cockroaches
  4 goblins
  4 hobgoblins
  10 jackals
  6 kobolds
  A ball python (D:1)
  5 bats
  A frilled lizard (D:2)
  8 rats (D:1)
66 creatures vanquished.

Notes
Turn   | Place    | Note
-------+----------+-------------------------------------------
     0 | D:1      | Morbidden the Skeleton Reaver began the quest for the Orb.
     0 | D:1      | Reached XP level 1. HP: 14/14 MP: 4/4
     0 | D:1      | Noticed a jelly
     1 | D:1      | Found a runed door.
   126 | D:1      | Reached XP level 2. HP: 19/19 MP: 6/6
   135 | D:1      | Reached skill level 4 in Long Blades
   155 | D:1      | Found a blossoming altar of Fedhas.
   343 | D:1      | Reached XP level 3. HP: 19/23 MP: 7/7
   491 | D:1      | Reached * piety under Vehumet
   491 | D:1      | Offered knowledge of Sting by Vehumet.
   494 | D:1      | Learned a level 1 spell: Sting
   731 | D:1      | Reached skill level 1 in Conjurations
   731 | D:1      | Reached XP level 4. HP: 18/28 MP: 4/8
   758 | D:1      | Reached skill level 5 in Long Blades
   810 | D:1      | Reached ** piety under Vehumet
   810 | D:1      | Offered knowledge of Searing Ray by Vehumet.
   852 | D:1      | Learned a level 2 spell: Searing Ray
  1058 | D:2      | Found a shattered altar of Ashenzari.
  1151 | D:2      | Noticed Terence
  1158 | D:2      | Noticed Robin
  1159 | D:2      | Killed Terence
  1160 | D:2      | Reached XP level 5. HP: 33/33 MP: 1/10
  1176 | D:2      | Killed Robin
  1341 | D:2      | Noticed Sigmund
  1452 | D:3      | Noticed an ice beast
  1484 | D:2      | HP: 1/33 [Sigmund/puff of flame (8)]
  1485 | D:2      | Blown up by Sigmund

Skill      XL: |  1  2  3  4 |
---------------+-------------+-----
Long Blades    | 4 5 |  5.2
Conjurations   | 1 |  1.3
Fighting       | |  3.9
Short Blades   | |  0.8
Dodging        | |  3.9
Stealth        | |  0.1
Spellcasting   | |  3.4
Poison Magic   | |  0.8

Action                   |  1- 3 |  4- 6 || total
-------------------------+-------+-------++-------
Melee: Long sword        |   115 |    64 ||   179
       Dagger            |     4 |    28 ||    32
 Cast: Sting             |    14 |    37 ||    51
       Searing Ray       |       |     5 ||     5
  Use: Scroll            |       |     1 ||     1
Armor: Steam dragon scal |    49 |    44 ||    93
Dodge: Dodged            |    84 |    84 ||   168
